Map: Sequencer LE

Players

Yata

  • Race: Zerg Zerg
  • League: Silver
  • Spawn Location: 1:00

A.I. 1 (Medium) - Winner!

  • Race: Terran Terran
  • Spawn Location: 7:00

VOD

Have the link to the VOD?

Description

Time

  • Played on: July 11, 2017, 1:02 p.m.
  • Length: 17:42
Show
View Real Time Build Order
Export as new Build Order

Yata Zerg 

Build Orders: Hatch First, Muta Ling Bane 

Get SALT Encoding   

  12  0:01  Drone  
  13  0:20  Overlord  
  13  0:25  Drone  
  14  0:39  Drone x2  
  17  0:42  Drone  
  17  0:59  Hatchery  
  17  1:04  Drone  
  17  1:06  Drone  
  18  1:11  Extractor  
  17  1:19  Spawning Pool  
  17  1:23  Drone  
  17  1:27  Drone  
  18  1:37  Drone  
  19  1:53  Overlord  
  19  2:02  Drone  
  19  2:07  Queen  
  22  2:11  Queen  
  24  2:16  Zergling x2  
  24  2:17  Zergling x2  
  26  2:24  Roach Warren  
  26  2:30  Baneling Nest  
  26  2:37  Drone x4  
  29  2:51  Queen  
  29  2:52  Overlord  
  31  3:10  Drone x5  
  35  3:50  Zergling x4  
  35  3:51  Zergling x4  
  38  4:11  Drone  
  38  4:12  Drone x5  
  38  4:14  Overlord  
  38  4:15  Overlord  
  44  4:18  Metabolic Boost  
  44  4:27  Lair  
  44  4:28  Pneumatized Carapace  
  44  4:43  Hatchery  
  44  4:45  Drone x4  
  47  5:07  Extractor  
  47  5:12  Zergling x6  
  47  5:13  Zergling x6  
  50  5:42  Overseer  
  49  5:50  Baneling x3  
  49  5:51  Baneling x4  
  42  6:48  Centrifical Hooks  
  42  7:05  Overlord, Spire  
  42  7:06  Overlord  
  41  7:11  Zergling x2  
  41  7:12  Zergling x40  
  62  7:18  Evolution Chamber  
  61  7:50  Overseer  
  61  8:04  Overlord x2  
  61  8:08  Drone x9  
  61  8:10  Drone x4  
  74  8:14  Zerg Melee Weapons Level 1  
  74  8:42  Baneling x9  
  74  8:43  Baneling x5  
  74  8:49  Extractor  
  74  8:52  Extractor x2  
  71  9:11  Mutalisk x2  
  57  9:54  Mutalisk x3  
  57  9:58  Overlord  
  61  10:04  Overlord x2, Mutalisk  
  62  10:23  Infestation Pit  
  62  10:27  Zerg Flyer Weapons Level 1  
  61  10:34  Overseer  
  61  10:41  Zergling x2  
  61  10:42  Zergling x42  
  83  10:43  Zergling x16  
  91  11:06  Hive  
  89  11:44  Mutalisk x2  
  89  11:45  Mutalisk x2  
  93  12:01  Baneling x4  
  93  12:02  Baneling x3  
  93  12:08  Overlord x2  
  89  12:52  Baneling x3  
  89  12:53  Baneling x7  
  89  12:54  Baneling x4, Hatchery  
  89  12:56  Hatchery  
  89  12:58  Mutalisk x2  
  91  13:19  Corruptor x3  
  95  13:34  Mutalisk  
  95  13:35  Mutalisk  
  97  14:05  Ultralisk Cavern  
  64  14:50  Corruptor  
  64  14:51  Corruptor x5  
  76  15:13  Zergling x2  
  76  15:14  Zergling x28  
  56  15:45  Viper  
  56  15:47  Ultralisk  
  65  15:50  Zergling x16  
  65  15:51  Zergling x10  
  77  16:15  Queen  
  79  16:19  Ultralisk x2  
  91  16:27  Queen  
  91  16:29  Queen  
  95  16:59  Extractor x2  
  93  17:11  Viper  
  108  17:20  Zergling x2  
  108  17:21  Zergling x28  
Show
View Real Time Build Order
Export as new Build Order

A.I. 1 (Medium) Terran - Winner!

Build Orders:  

Get SALT Encoding   

  12  0:00  SCV  
  13  0:13  SCV  
  14  0:19  Supply Depot  
  14  0:25  SCV  
  15  0:40  SCV  
  16  0:43  Barracks  
  16  0:49  Refinery  
  16  0:52  SCV  
  17  1:04  SCV  
  18  1:18  Supply Depot  
  18  1:30  Marine, Orbital Command  
  19  1:34  Barracks  
  19  1:43  Refinery  
  19  1:49  Barracks Tech Lab  
  19  2:07  Marine  
  20  2:13  Supply Depot  
  20  2:25  Marine  
  20  2:28  Marine  
  22  2:31  SCV  
  23  2:43  SCV, Marauder  
  26  2:47  Supply Depot  
  26  2:54  Engineering Bay  
  26  2:56  SCV  
  27  3:04  Marauder  
  29  3:08  SCV  
  30  3:20  SCV  
  30  3:26  Marauder  
  33  3:32  SCV  
  34  3:47  Marauder  
  36  5:00  Barracks Tech Lab  
  36  5:01  Marine, SCV  
  36  5:02  Factory  
  36  5:05  Factory  
  38  5:07  Missile Turret  
  38  5:10  Command Center, Missile Turret  
  38  5:13  Supply Depot  
  38  5:16  Barracks  
  38  5:19  Marine  
  39  5:29  Sensor Tower  
  39  5:31  Bunker  
  39  5:37  Supply Depot  
  39  5:45  Factory Tech Lab  
  39  5:47  Widow Mine  
  39  5:48  Starport  
  41  6:02  Widow Mine  
  42  6:08  Armory  
  31  6:16  Marine  
  31  6:17  Factory Tech Lab  
  32  6:23  SCV  
  33  6:26  Refinery, Starport Tech Lab, SCV  
  33  6:29  Marine  
  35  6:35  SCV  
  35  6:38  SCV, Missile Turret  
  37  6:41  Marine  
  37  6:46  Raven  
  40  6:47  SCV  
  40  6:48  Barracks Reactor, Missile Turret  
  40  6:52  SCV  
  42  6:54  Marine  
  42  6:59  SCV  
  44  7:04  SCV  
  44  7:08  Marauder  
  47  7:09  Bunker  
  47  7:11  SCV  
  48  7:16  SCV  
  48  7:21  Marauder  
  51  7:24  SCV  
  51  7:28  SCV  
  51  7:29  Raven  
  55  7:33  Siege Tank  
  55  7:36  SCV  
  59  7:40  SCV  
  60  7:46  Siege Tank  
  60  7:48  SCV  
  64  7:52  SCV  
  65  8:00  SCV  
  65  8:04  Refinery, SCV  
  66  8:12  SCV  
  67  8:16  SCV  
  68  8:24  SCV  
  69  8:28  SCV  
  69  8:33  Supply Depot  
  70  8:36  SCV  
  71  9:26  Marine  
  55  9:38  Marine  
  53  9:39  Medivac  
  53  9:40  Combat Shields, Starport, Stimpack  
  53  9:41  Supply Depot, Terran Infantry Weapons Level 1  
  53  9:43  Engineering Bay  
  50  9:46  Marine  
  50  9:47  SCV  
  50  9:50  SCV  
  47  9:52  Command Center  
  47  9:54  Marine  
  47  9:59  SCV  
  42  10:01  Widow Mine  
  42  10:02  SCV  
  44  10:09  Terran Infantry Armor Level 1, Medivac  
  44  10:10  Marine  
  44  10:11  SCV  
  44  10:12  Ghost Academy  
  48  10:14  SCV  
  48  10:17  Starport Tech Lab  
  48  10:18  Marauder  
  51  10:23  SCV  
  51  10:26  SCV, Siege Tank  
  56  10:31  Supply Depot  
  56  10:34  Marauder  
  58  10:35  SCV  
  58  10:38  SCV  
  58  10:39  Raven  
  58  10:41  Marine  
  58  10:42  Fusion Core  
  63  10:47  SCV  
  63  10:49  Widow Mine  
  66  10:50  SCV  
  66  10:51  Armory  
  67  10:58  Siege Tank  
  67  11:00  SCV  
  70  11:05  Marine  
  70  11:08  Raven  
  71  11:18  Siege Tank  
  74  11:20  SCV  
  74  11:21  Marine  
  74  11:23  SCV  
  76  11:26  SCV  
  76  11:29  Marine  
  76  11:32  SCV  
  75  11:35  SCV  
  75  11:37  Marine  
  75  11:38  SCV  
  77  11:44  SCV  
  77  11:45  Marine  
  79  11:47  SCV  
  79  11:50  SCV  
  79  11:53  Siege Tank  
  84  11:55  Missile Turret  
  84  11:57  SCV, Missile Turret  
  84  12:00  SCV  
  86  12:01  Siege Tank  
  86  12:02  SCV  
  90  12:09  Marine, SCV  
  90  12:12  SCV  
  90  12:15  SCV  
  94  12:17  Bunker  
  94  12:21  SCV  
  95  12:24  SCV  
  95  12:25  Siege Tank  
  95  12:27  SCV  
  100  12:46  Refinery  
  100  12:51  Refinery  
  100  13:21  Raven  
  100  13:24  Unknown  
  100  13:25  Unknown  
  100  13:38  Raven  
  99  13:45  Supply Depot, Terran Ship Weapons Level 1  
  96  13:59  Terran Vehicle And Ship Armor Level 1  
  94  14:03  Hi-Sec Auto Tracking  
  94  14:04  Viking  
  96  14:10  Supply Depot  
  96  14:16  SCV  
  97  14:21  Banshee  
  100  14:31  SCV  
  98  14:33  Banshee  
  98  14:34  SCV  
  98  14:35  Supply Depot  
  98  14:37  SCV  
  88  14:43  SCV  
  87  14:46  SCV  
  87  14:47  Liberator  
  88  14:59  Command Center  
  79  15:16  Banshee  
  71  15:46  Banshee  
  74  15:59  Viking  
  73  16:13  Refinery  
  73  16:20  Missile Turret  
  73  16:23  Missile Turret  
  73  16:24  Refinery  
  73  16:29  Banshee, Medivac  
  78  16:44  Bunker  
  78  16:59  Raven  
  80  17:11  Marine  
  80  17:12  Medivac  
  83  17:16  Marine  
  83  17:21  Marine  
Tags
 
Composition
Muta Ling Bane
League
Silver
Matchup
TvZ
Replay Pack
Pack 1
Spawn Locations
Cross Positions
Add a new tag
Caveats
  • Supply blocks, unpowered buildings, or Contaminate may cause inaccurate times.
  • Supply counts are checked every 10 seconds.